 Dungeon Crawl Stone Soup version 0.31.0-11-ge490571c62 (webtiles) character file.

Game seed: 4004022208406951951

1861 Yore the Fighter (level 9, -5/60 HPs)
             Began as a Gargoyle Fighter on Jan 26, 2024.
             Slain by Duvessa
             ... wielding a +0 rapier
              (8 damage)
             ... on level 6 of the Dungeon.
             The game lasted 00:08:29 (4222 turns).

Yore the Fighter (Gargoyle Fighter)                 Turns: 4222, Time: 00:08:30

Health: -5/60      AC: 24    Str: 16 (19) XL:     9   Next: 13%
Magic:  0/9        EV:  4    Int:  9 (10) God:
Gold:   272        SH:  5    Dex: 10 (13) Spells: 8/8 levels left

rFire   + . .        j - +0 morningstar
rCold   . . .        c - +0 buckler
rNeg    + . .        i - +0 plate armour
rPois   ∞            h - +0 helmet
rElec   +            (no cloak)
rCorr   .            t - +1 pair of gloves
SInv    .            m - +0 pair of boots
Will    .....        u - amulet of guardian spirit Stlth
                     p - +4 ring of slaying
HPRegen 0.30/turn    a - ring of protection from fire
MPRegen 0.11/turn

%: guardian spirit
@: no status effects
A: sickness immunity, AC +6, negative energy resistance 1, electricity
resistance, torment resistance 1, petrification resistance
a: no special abilities


You were on level 6 of the Dungeon.
You visited 2 branches of the dungeon, and saw 7 of its levels.

You collected 272 gold pieces.

Inventory:

Hand Weapons
 j - a +0 morningstar (weapon)
Missiles
 x - 3 silver javelins (quivered)
Armour
 c - a +0 buckler (worn)
 h - a +0 helmet (worn)
 i - a +0 plate armour (worn)
 m - a +0 pair of boots (worn)
 t - a +1 pair of gloves (worn)
Jewellery
 a - a ring of protection from fire (right hand)
 d - a ring of see invisible
 p - a +4 ring of slaying (left hand)
 u - an amulet of guardian spirit (around neck)
Wands
 b - a wand of roots (10)
 s - a wand of paralysis (4)
Scrolls
 e - 3 scrolls of fog
 l - 2 scrolls of revelation
 n - 2 scrolls of teleportation
 q - 2 scrolls of blinking
 r - a scroll of acquirement {unknown}
 w - a scroll of enchant armour {unknown}
Potions
 k - 3 potions of attraction
 o - a potion of cancellation
 v - 3 potions of haste


   Skills:
 * Level 8.4 Fighting
 + Level 6.3 Maces & Flails
 + Level 6.2 Armour
 + Level 6.2 Shields


You had 8 spell levels left.
You didn't know any spells.
Your spell library contained the following spells:

 Spells                   Type           Power      Damage    Failure   Level
 Searing Ray              Conj           0%         2d4       100%        2
 Tukima's Dance           Hex            0%         N/A       100%        3
 Animate Dead             Necr           0%         N/A       100%        4
 Passage of Golubria      Tloc           0%         N/A       100%        4
 Yara's Violent Unravell  Hex/Alch       0%         3d3       100%        5
 Haunt                    Necr/Summ      0%         N/A       100%        7
 Infestation              Necr           0%         N/A       100%        8


Dungeon Overview and Level Annotations

Branches:
Dungeon (6/15)             Temple (1/1) D:6

Altars:
Ashenzari
Cheibriados
Elyvilon
Fedhas
Hepliaklqana
Makhleb
Okawaru
Qazlal
Ru
Sif Muna
Zin

Annotations:
D:6 Duvessa


Innate Abilities, Weirdness & Mutations

You are immune to sickness and miasma.
Your stone body is resilient. (AC +6)
You are immune to poison.
You resist negative energy. (rN+)
You are resistant to electric shocks. (rElec)
You are resistant to unholy torment.
You are immune to petrification.


Message History

You barely miss Duvessa.
Duvessa is heavily wounded.
You block Duvessa's attack. Duvessa hits you with a +0 rapier.
You closely miss Duvessa.
Duvessa is heavily wounded.
Duvessa hits you but does no damage. You block Duvessa's attack.
You hit Duvessa.
Duvessa is severely wounded.
Duvessa barely misses you. You block Duvessa's attack.
You completely miss Duvessa.
Duvessa is severely wounded.
Duvessa hits you with a +0 rapier! Duvessa hits you but does no damage.
You hit Duvessa.
Duvessa is severely wounded.
Duvessa hits you with a +0 rapier.
* * * LOW HITPOINT WARNING * * *
It was a potion of degeneration.
There was something very wrong with that liquid.
You feel weakened.
You feel dopey.
You feel clumsy. You block Duvessa's attack. x2
You puncture Duvessa!
Duvessa is almost dead.
Duvessa hits you but does no damage. Duvessa completely misses you.
You closely miss Duvessa.
Duvessa is almost dead.
Duvessa hits you with a +0 rapier!
* * * LOW HITPOINT WARNING * * *
Duvessa barely misses you.
Okay, then.
You closely miss Duvessa.
Duvessa is almost dead.
Duvessa hits you with a +0 rapier.
* * * LOW HITPOINT WARNING * * *
You closely miss Duvessa.
Duvessa is almost dead.
Duvessa hits you but does no damage. x2
You hit Duvessa.
Duvessa is almost dead.
Duvessa hits you with a +0 rapier!
You die...

#...###...................##..###
.....##.....##..................#
.#...#...##.#####...[............
...#.....##.(#..##..............#
.8...#.....###_.)##...##........#
...#........##....##.##..........
.#...........###...##............
............. ##...##...........
#...##.....# #@#...#......>....
...........##..e###..............
...##.......##.. ##.............
...##........##. ##..#.........
#.............## #####.........
#......#.......# #...##........
....##.#........ ##.............
..#.#.............#..............
..#...............#.............?


You could see Duvessa (berserk).

Vanquished Creatures
  Prince Ribbit (D:5)
  Sigmund (D:6)
  A wyvern (D:5)
  2 ice beasts (D:5)
  A black bear (D:6)
  2 ogres (D:6)
  A phantom (D:3)
  A bullfrog (D:5)
  3 scorpions (D:6)
  Dowan (D:6)
  2 howler monkeys (D:5)
  2 bombardier beetles
  A hound (D:6)
  2 jellies
  A sleepcap (D:5)
  An iguana (D:6)
  4 orc wizards
  4 adders
  7 dart slugs
  6 ribbon worms
  10 orcs
  3 ball pythons
  4 endoplasms
  2 giant cockroaches
  5 goblins
  6 hobgoblins
  6 jackals
  7 kobolds
  4 quokkas
  4 bats
  4 frilled lizards
  3 rats (D:1)
102 creatures vanquished.

Notes
Turn   | Place    | Note
-------+----------+-------------------------------------------
     0 | D:1      | Yore the Gargoyle Fighter began the quest for the Orb.
     0 | D:1      | Reached XP level 1. HP: 14/14 MP: 1/1
   203 | D:1      | Reached XP level 2. HP: 19/19 MP: 2/2
   554 | D:1      | Reached XP level 3. HP: 23/24 MP: 3/3
   573 | D:2      | Found a faded altar of an unknown god.
   652 | D:1      | Reached skill level 4 in Fighting
   739 | D:2      | Reached XP level 4. HP: 29/29 MP: 4/4
  1744 | D:4      | Noticed a phantom
  1754 | D:3      | Reached XP level 5. HP: 21/34 MP: 5/5
  1763 | D:3      | Killed a phantom
  1890 | D:4      | Reached skill level 5 in Fighting
  1890 | D:4      | Reached XP level 6. HP: 38/40 MP: 6/6
  2432 | D:5      | Entered Level 5 of the Dungeon
  2432 | D:5      | Found an iron altar of Okawaru.
  2438 | D:5      | Noticed Prince Ribbit
  2463 | D:5      | Killed Prince Ribbit
  2464 | D:5      | Reached XP level 7. HP: 10/45 MP: 7/7
  2818 | D:5      | Reached skill level 6 in Fighting
  2818 | D:5      | Reached skill level 5 in Maces & Flails
  3140 | D:5      | Reached skill level 5 in Armour
  3140 | D:5      | Reached skill level 5 in Shields
  3140 | D:5      | Reached XP level 8. HP: 52/52 MP: 8/8
  3574 | D:6      | Reached skill level 7 in Fighting
  3630 | D:6      | Found a staircase to the Ecumenical Temple.
  3639 | Temple   | Entered the Ecumenical Temple
  3808 | D:6      | Found a blossoming altar of Fedhas.
  3889 | D:6      | Found a stormy altar of Qazlal.
  3904 | D:6      | Noticed Sigmund
  3916 | D:6      | Killed Sigmund
  3988 | D:6      | Noticed a wyvern
  4013 | D:5      | Killed a wyvern
  4014 | D:5      | Reached skill level 8 in Fighting
  4014 | D:5      | Reached XP level 9. HP: 23/59 MP: 4/9
  4172 | D:6      | Noticed Dowan
  4173 | D:6      | Found a shimmering blue altar of Sif Muna.
  4183 | D:6      | Noticed Duvessa
  4190 | D:6      | Killed Dowan
  4196 | D:6      | Got Sif Muna's Writings on Conjuration
  4219 | D:6      | HP: 3/60 [Duvessa/+0 rapier (13)]
  4222 | D:6      | Slain by Duvessa

Illustrated notes

Levels and vault maps discovered:
D:1:      amcnicky_arrival_single_pillar, layout_basic, minivault_24
D:2:      layout_rooms, hellmonk_ecumenical_altar_arch_garden
D:3:      layout_rooms
D:4:      layout_rooms
D:5:      layout_basic, mainiacjoe_overflow_concentric_impassable,
          uniq_prince_ribbit1
D:6:      layout_cave_pools, nzn_overflow_gifts_of_might_and_magic,
          nicolae_qazlal_scattered_showers, mainiacjoe_overflow_alcove_2,
          minmay_temple_entry_sparse_star, uniq_sigmund
Temple:   hellmonk_temple_of_storms

Skill      XL: |  1  2  3  4  5  6  7  8 |
---------------+-------------------------+-----
Fighting       | 4 5 6 8 |  8.4
Maces & Flails | 3 4 5 6 |  6.3
Armour         | 4 5 6 |  6.2
Shields        | 4 5 6 |  6.2

Action                     |  1- 3 |  4- 6 |  7- 9 || total
---------------------------+-------+-------+-------++-------
  Melee: Flail             |   114 |    42 |       ||   156
         Morningstar       |       |   121 |   125 ||   246
  Evoke: Wand              |       |     7 |     1 ||     8
    Use: Potion            |       |     2 |     2 ||     4
         Scroll            |       |       |     8 ||     8
   Stab: Paralysed         |       |     2 |       ||     2
 Armour: Scale mail        |    31 |       |       ||    31
         Plate armour      |   104 |   169 |   128 ||   401
         Skin              |     7 |       |       ||     7
         Chain mail        |     2 |       |       ||     2
  Dodge: Dodged            |    64 |    42 |    35 ||   141
  Block: Buckler           |    40 |    35 |    32 ||   107
